 Dungeon Crawl Stone Soup version 0.28.0-1-gb440e238dd (webtiles) character file.

Game seed: 10310092256687993073

129 jjjjhere the Ruffian (level 4, -2/45 HPs)
             Began as a Troll Cinder Acolyte on Feb 26, 2022.
             Was a High Priest of Ignis.
             Succumbed to an adder's poison
             ... on level 2 of the Dungeon.
             The game lasted 00:02:43 (2143 turns).

jjjjhere the Ruffian (Troll Cinder Acolyte)         Turns: 2143, Time: 00:02:43

Health: -2/45      AC:  4    Str: 22    XL:     4   Next: 88%
Magic:  4/4        EV:  9    Int: 10    God:    Ignis [*****.]
Gold:   81         SH:  0    Dex:  7    Spells: 5/5 levels left

rFire   + . .      SeeInvis .     - Unarmed
rCold   . . .      Faith    .   (no shield)
rNeg    . . .      Spirit   .   a - +0 robe
rPois   .          Reflect  .   (helmet restricted)
rElec   .          Harm     .   (no cloak)
rCorr   .          Rampage  .   (gloves unavailable)
Will    .....                   (boots unavailable)
Stlth   +.........              (no amulet)
HPRegen 0.95/turn               (no ring)
MPRegen 0.09/turn               (no ring)

@: lethally poisoned (-2 -> -7)
A: large, unfitting armour, claws 3, regeneration 1, shaggy fur 1, tough skin 1
a: Renounce Religion, Fiery Armour, Foxfire Swarm, Rising Flame


You were on level 2 of the Dungeon.
You worshipped Ignis.
Ignis was extremely pleased with you.
You visited 1 branch of the dungeon, and saw 3 of its levels.

You collected 81 gold pieces.

Inventory:

Armour
 a - a +0 robe (worn)
Wands
 i - a wand of digging (6)
Scrolls
 d - a scroll of torment {unknown}
 e - 3 scrolls of identify {unknown}
 g - a scroll of vulnerability {unknown}
 h - a scroll of immolation {unknown}
 j - 2 scrolls of teleportation {unknown}
 k - a scroll of brand weapon {unknown}
Potions
 c - a potion of ambrosia


   Skills:
 + Level 3.0 Fighting
 * Level 5.2 Unarmed Combat
 - Level 1.0 Spellcasting
 - Level 2.1 Fire Magic


You had 5 spell levels left.
You didn't know any spells.
Your spell library contained the following spells:

 Spells                   Type           Power      Damage    Failure   Level
 Scorch                   Fire           8%         2d5       22%         2


Dungeon Overview and Level Annotations

Branches:
Dungeon (3/15)

Altars:


Innate Abilities, Weirdness & Mutations

You are too large for most types of armour.
You have claws for hands.
Your natural rate of healing is unusually fast.
You are covered in fur. (AC +1)
You have tough skin. (AC +1)


Message History

The adder bites you but does no damage. The adder bites you.
You are more poisoned.
The adder poisons you!
You feel very sick. The adder bites you.
* * * LOW HITPOINT WARNING * * *
You are lethally poisoned!
The adder poisons you!
It was a potion of ambrosia.
You are confused.
You feel invigorated.
* * * LOW HITPOINT WARNING * * *
You feel very sick. The adder bites you.
* * * LOW HITPOINT WARNING * * *
You are more poisoned.
The adder poisons you!
Okay, then.
You bump into the rock wall.
* * * LOW HITPOINT WARNING * * *
You feel very sick. The adder barely misses you.
You feel less invigorated.
You feel less confused.
* * * LOW HITPOINT WARNING * * *
You feel very sick.
You barely miss the adder.
* * * LOW HITPOINT WARNING * * *
You feel very sick. The adder bites you.
* * * LOW HITPOINT WARNING * * *
You are more poisoned.
The adder poisons you! The adder bites you.
* * * LOW HITPOINT WARNING * * *
It was a potion of magic.
Magic courses through your body.
* * * LOW HITPOINT WARNING * * *
You feel very sick. The adder bites you but does no damage.
It was a potion of cancellation.
You feel magically purged.
You die...

#.# #.......# #.# #.......# #.#
#.......# #.# #.......#########
#.# #####.####......#
#.############# #.####......####
#.............###S..............
#############.##S#####......####
#.........#.#@## #......# #
#.#######.#..## #......# # #.#
#.#.# #......# # ##.#######...#
#......# # #............#
######## #
#########....######### #
#............##########
#...............)......
#....#######...........


You could see 2 adders.

Vanquished Creatures
  Terence (D:2)
  Robin (D:2)
  4 adders (D:2)
  A dart slug (D:1)
  An orc (D:2)
  7 ball pythons
  2 bats (D:2)
  9 endoplasms
  A giant cockroach (D:2)
  9 goblins
  4 hobgoblins
  2 quokkas
  3 frilled lizards
  4 kobolds
  3 rats
52 creatures vanquished.

Notes
Turn   | Place    | Note
-------+----------+-------------------------------------------
     0 | D:1      | jjjjhere the Troll Cinder Acolyte began the quest for the
                  | Orb.
     0 | D:1      | Reached XP level 1. HP: 22/22 MP: 1/1
   414 | D:1      | Reached XP level 2. HP: 29/29 MP: 2/2
  1028 | D:2      | Reached skill level 4 in Unarmed Combat
  1028 | D:2      | Reached XP level 3. HP: 31/36 MP: 3/3
  1135 | D:2      | Noticed Robin
  1334 | D:2      | Reached XP level 4. HP: 42/44 MP: 4/4
  1380 | D:2      | Killed Robin
  2060 | D:3      | Noticed Terence
  2079 | D:2      | Killed Terence
  2080 | D:2      | Reached skill level 5 in Unarmed Combat
  2136 | D:2      | HP: 14/45 [adder (3)]
  2138 | D:2      | HP: 6/45 [adder (3)]
  2142 | D:2      | HP: 1/45 [poisoned by an adder]
  2143 | D:2      | Succumbed to an adder's poison

Illustrated notes

Levels and vault maps discovered:
D:1:      amcnicky_arrival_abandoned_market, layout_basic, serial_glass,
          glass_columns_a, glass_columns_c
D:2:      layout_basic, serial_corexii_hall, corexii_hall_statues_x,
          corexii_hall_statues_l, uniq_robin
D:3:      layout_loops_ring, minmay_ruptured, uniq_terence

Skill      XL: |  1  2  3  4 |
---------------+-------------+-----
Unarmed Combat | 4 5 |  5.2
Fighting       | 3 |  3.0
Spellcasting   | |  1.0
Fire Magic     | |  2.1

Action                   |  1- 3 |  4- 6 || total
-------------------------+-------+-------++-------
Melee: Unarmed           |   106 |    70 ||   176
       Punch             |     3 |     1 ||     4
Evoke: Wand              |       |     1 ||     1
  Use: Potion            |       |     3 ||     3
Armor: Robe              |    35 |    23 ||    58
Dodge: Dodged            |    61 |    28 ||    89
